 Dungeon Crawl Stone Soup version 0.31-a0-188-g5e087ee2ca (webtiles) character file.

Game seed: 13425080975284326301

70 qw the Shooter (level 4, -6/25 HPs)
             Began as a Deep Elf Hunter on June 22, 2023.
             Mangled by Terence
             ... wielding a +1 hand axe of distortion
              (8 damage)
             ... on level 2 of the Dungeon.
             The game lasted 00:00:36 (1161 turns).

qw the Shooter (Deep Elf Hunter)                    Turns: 1161, Time: 00:00:37

Health: -6/25      AC:  5    Str: 10    XL:     4   Next: 4%
Magic:  6/6        EV: 11    Int: 14    God:
Gold:   82         SH:  0    Dex: 18    Spells: 3/3 levels left

rFire   . . .        Y - +0 shortbow
rCold   . . .        (shield currently unavailable)
rNeg    . . .        b - +0 ring mail
rPois   .            (no helmet)
rElec   .            (no cloak)
rCorr   .            (no gloves)
SInv    .            (no boots)
Will    .....        (no amulet)
Stlth   +            (no ring)
HPRegen 0.24/turn    (no ring)
MPRegen 0.10/turn

%: no passive effects
@: no status effects
A: no striking features
a: no special abilities


You were on level 2 of the Dungeon.
You visited 1 branch of the dungeon, and saw 2 of its levels.

You collected 82 gold pieces.


   Skills:
 - Level 1.5 Fighting
 + Level 7.4 Ranged Weapons
 - Level 2.4 Dodging
 - Level 1.2 Stealth


You had 3 spell levels left.
You didn't know any spells.
Your spell library was empty.

Inventory:

Hand Weapons
 Y - a +0 shortbow (weapon)
Armour
 b - a +0 ring mail (worn)
Scrolls
 a - 2 scrolls of identify
Potions
 c - a potion of degeneration {unknown}
 d - a potion of heal wounds {unknown}
 i - a potion of invisibility {unknown}

Dungeon Overview and Level Annotations

Branches:
Dungeon (2/15)

Altars:

Annotations:
D:2 Terence


Message History

You shoot an arrow.
The arrow hits the adder but does no damage.
The adder is almost dead.
You feel sick.
The adder bites you but does no damage. x2
You shoot an arrow. The arrow hits the adder.
You kill the adder!
You feel sick.
You have reached level 4!
You feel clever.
You start resting.
You feel sick. x4
You are no longer poisoned.
HP restored.
You see here an adder corpse.
Terence and a frilled lizard come into view.
Terence is wielding a +1 hand axe of distortion.
Enter note:
Enter note: You shoot an arrow.
The arrow hits Terence.
Terence shouts!
Terence is lightly wounded.
You shoot an arrow. The arrow hits Terence.
Terence is moderately wounded.
You shoot an arrow.
The arrow hits Terence but does no damage.
Terence is moderately wounded.
You shoot an arrow.
The arrow hits Terence but does no damage.
Terence is moderately wounded.
Terence hits you with a +1 hand axe of distortion.
Space warps horribly around you!!
Ouch! That really hurt!
You shoot an arrow.
The arrow hits Terence but does no damage.
Terence is moderately wounded.
Terence barely misses you.
You shoot an arrow.
The arrow hits Terence but does no damage.
Terence is moderately wounded.
Terence hits you with a +1 hand axe of distortion!
You die...

.# #.#.# .#
####.#.# .#
#######....#.### .#
#.......####...#
.###?####.....###.#
.'.%...>......#.#%#
.###...|...#..#...#
.#####........#.###
.....#.......#.l@.#
####.........#.#@.#
# >.#......[.<#..#
.....#...###...#..#
#.##.#..##...#.#..#
.... ......###....#
.....# ## ####..
.#[... ## .##..#


You could see Terence and a frilled lizard.

Vanquished Creatures
  2 adders (D:2)
  2 worms (D:2)
  A dart slug (D:1)
  8 ball pythons
  5 bats
  3 endoplasms
  3 giant cockroaches (D:1)
  4 goblins
  6 hobgoblins
  2 quokkas
  A frilled lizard (D:1)
  A kobold (D:2)
  3 rats
41 creatures vanquished.

Notes
Turn   | Place    | Note
-------+----------+-------------------------------------------
     0 | D:1      | qw the Deep Elf Hunter began the quest for the Orb.
     0 | D:1      | Reached XP level 1. HP: 12/12 MP: 3/3
     0 | D:1      | 0 ||| qw: Version: 0.3-a-9-g12657ce
     0 | D:1      | 0 ||| qw: Game counter: 2912
     0 | D:1      | 0 ||| qw: Always use a shield: true
     0 | D:1      | 0 ||| qw: God list: Okawaru
     0 | D:1      | 0 ||| qw: Allow faded altars: false
     0 | D:1      | 0 ||| qw: Do Orc after D:15 true
     0 | D:1      | 0 ||| qw: Do second Lair branch before Depths: true
     0 | D:1      | 0 ||| qw: Lair rune preference: random
     0 | D:1      | 0 ||| qw: Plans: Normal
     0 | D:1      | 0 ||| PLANNING D:1-11
    51 | D:1      | Reached skill level 6 in Ranged Weapons
    51 | D:1      | Reached XP level 2. HP: 16/16 MP: 4/4
   551 | D:1      | 551 ||| UPGRADING to +0 scale mail.
   561 | D:1      | 561 ||| DROPPING +0 leather armour.
   562 | D:1      | 562 ||| DROPPING amulet of magic regeneration.
   563 | D:1      | 563 ||| READING 2 scrolls labelled RASTRA MUNA.
   564 | D:1      | 564 ||| READING scroll labelled DIRUISTR AMPI.
   565 | D:1      | 565 ||| READING scroll labelled LUINNONINKO.
   566 | D:1      | 566 ||| DROPPING scroll of immolation.
   567 | D:1      | 567 ||| DROPPING scroll of butterflies.
   606 | D:2      | Reached XP level 3. HP: 20/20 MP: 5/5
   637 | D:2      | Reached skill level 7 in Ranged Weapons
   716 | D:2      | HP: 5/20 [worm (9)]
   720 | D:2      | HP: 2/20 [worm (5)]
   808 | D:2      | 808 ||| UPGRADING to +0 ring mail.
   870 | D:2      | 870 ||| DROPPING +0 scale mail.
  1048 | D:2      | HP: 5/20 [poisoned by an adder]
  1050 | D:2      | Reached XP level 4. HP: 5/25 MP: 6/6
  1052 | D:2      | HP: 2/25 [poisoned by an adder]
  1155 | D:2      | Noticed Terence
  1159 | D:2      | HP: 1/25 [Terence/+1 hand axe of distortion (21)]
  1161 | D:2      | Mangled by Terence

Levels and vault maps discovered:
D:1:      giann_horns, layout_basic, minmay_misc_feat_room,
          minmay_tree_intersection
D:2:      minmay_inner_zag, layout_basic, basic_altar,
          hellmonk_ecumenical_altar_pennies_from_heaven, feat_on_display,
          uniq_terence

Skill      XL: |  1  2  3 |
---------------+----------+-----
Ranged Weapons | 6 7 |  7.4
Fighting       | |  1.5
Dodging        | |  2.4
Stealth        | |  1.2

Action                     |  1- 3 |  4- 6 || total
---------------------------+-------+-------++-------
   Fire: Shortbow          |   150 |     6 ||   156
    Use: Scroll            |     3 |       ||     3
 Armour: Leather armour    |     8 |       ||     8
         Scale mail        |    11 |       ||    11
         Ring mail         |    10 |       ||    10
  Dodge: Dodged            |    58 |     1 ||    59

Table legend:
 A = Non-vault XP
 B = Vault XP
 C = Vault XP percentage of total XP
 D = Non-vault monster count
 E = Vault monster count
 F = Vault count percentage of total count
                 A         B        C        D         E       F
            +---------+---------+-------+---------+---------+-------
      Total |      78 |      23 |  22.8 |      34 |       7 |  17.1
            +---------+---------+-------+---------+---------+-------
        D:1 |      39 |       0 |   0.0 |      21 |       0 |   0.0
        D:2 |      39 |      23 |  37.1 |      13 |       7 |  35.0
            +---------+---------+-------+---------+---------+-------
